 Dungeon Crawl Stone Soup version 0.31-a0-1027-gfb7600b (webtiles) character file.

Game seed: 4666764716349890448

1313 PurpleRed the Slasher (level 8, -2/45 (48) HPs)
             Began as a Deep Elf Fighter on Nov 18, 2023.
             Was a Follower of Okawaru.
             Slain by a wight
             ... wielding a +4 flail of freezing
              (11 damage)
             ... on level 5 of the Dungeon.
             The game lasted 00:18:35 (6496 turns).

PurpleRed the Slasher (Deep Elf Fighter)            Turns: 6496, Time: 00:18:35

HP:   -2/45 (48)    AC: 20    Str: 13    XL:     8   Next: 32%
MP:   4/4           EV:  6    Int: 20    God:    Okawaru [*.....]
Gold: 8             SH: 14    Dex: 16    Spells: 9/11 levels left

rFire   + . .        G - +5 scimitar
rCold   . . .        e - +0 kite shield
rNeg    . . .        F - +8 chain mail of a volcano {Rampage MP-9 Slay+2 SInv}
rPois   .            u - +0 helmet
rElec   .            (no cloak)
rCorr   .            i - +0 pair of gloves
SInv    +            x - +0 pair of boots
Will    .....        j - amulet of reflection Stlth
                     r - +6 ring of intelligence
HPRegen 0.27/turn    g - ring of protection from fire
MPRegen 0.09/turn

%: reflection, rampage
@: drained, invisible (expiring)
A: no striking features
a: Renounce Religion, Heroism


You were on level 5 of the Dungeon.
You worshipped Okawaru.
Okawaru was aware of your devotion.
You visited 2 branches of the dungeon, and saw 7 of its levels.

You collected 363 gold pieces.
You spent 355 gold pieces at shops.

Inventory:

Hand Weapons
 a - a +1 long sword
 E - a +2 scimitar
 G - a +5 scimitar (weapon)
Missiles
 v - a throwing net
 z - 11 poisoned darts
Armour
 b - a +0 scale mail
 c - a +0 buckler
 e - a +0 kite shield (worn)
 i - a +0 pair of gloves (worn)
 k - a +0 ring mail
 s - a +0 leather armour
 u - a +0 helmet (worn)
 x - a +0 pair of boots (worn)
 A - a +1 robe of resistance
 F - the +8 chain mail of a volcano (worn) {Rampage MP-9 Slay+2 SInv}
   (You bought it in a shop on level 3 of the Dungeon)

   Slay+2:    It affects your accuracy & damage with ranged weapons and melee
   (+2).
   MP-9:      It affects your magic capacity (-9).
   SInv:      It lets you see invisible.
   Rampage:   It bestows one free step when moving towards enemies.
Magical Staves
 p - a staff of poison
Jewellery
 g - a ring of protection from fire (right hand)
 j - an amulet of reflection (around neck)
 r - a +6 ring of intelligence (left hand)
 w - a ring of flight
 y - a ring of resist corrosion
 B - a ring of ice
Wands
 m - a wand of charming (10)
 o - a wand of flame (8)
Scrolls
 f - 2 scrolls of immolation
 n - 4 scrolls of teleportation
 q - a scroll of fear
 C - a scroll of enchant weapon
 D - a scroll of fog
Potions
 d - 2 potions of might
 l - 2 potions of attraction
 t - a potion of resistance {unknown}


   Skills:
 + Level 4.8 Fighting
 * Level 6.8 Long Blades
 - Level 2.4 Armour
 + Level 3.9 Dodging
 - Level 2.4 Shields
 - Level 2.0 Spellcasting
 - Level 4.0 Hexes


You had 9 spell levels left.
You knew the following spells:

 Your Spells              Type           Power      Damage    Failure   Level
a - Ensorcelled Hibernat  Hex/Ice        20%        N/A       100%        2

Your spell library contained the following spells:

 Spells                   Type           Power      Damage    Failure   Level
 Slow                     Hex            72%        N/A       92%         1
 Passwall                 Tmut/Erth      1%         N/A       100%        2
 Confusing Touch          Hex            18%        N/A       100%        3
 Sigil of Binding         Hex            18%        N/A       100%        3
 Swiftness                Air            2%         N/A       100%        3
 Vampiric Draining        Necr           2%         2d6       100%        3
 Eringya's Noxious Bog    Tmut/Pois      1%         4d6       100%        6
 Summon Forest            Summ/Tloc      Unusable   N/A       N/A         5
 Summon Hydra             Summ           Unusable   N/A       N/A         7

Dungeon Overview and Level Annotations

Branches:
Dungeon (6/15)             Temple (1/1) D:5

Altars:
Ashenzari
Cheibriados
Dithmenos
Elyvilon
Fedhas
Gozag
Hepliaklqana
Kikubaaqudgha
Makhleb
Okawaru
Qazlal
Ru
Sif Muna
Trog
Uskayaw
Wu Jian
Xom
Yredelemnul
Zin

Shops:
D:3 =[?*?


Message History

You barely miss the wight.
The wight is heavily damaged.
You block the wight's attack. x2
You slash the wight!
You destroy the wight!
Okawaru accepts your kill.
Your life force feels restored.
Things that are here:
a +5 scimitar; a +0 robe
G - a +5 scimitar
G - a +5 scimitar (weapon)
A wight is nearby!
You see here a +0 robe.
You see here a +0 robe.
You rampage towards the wight!
You closely miss the wight.
The wight hits you with a +4 flail of freezing!
The wight freezes you.
You hit the wight.
The wight is lightly damaged.
The wight hits you with a +4 flail of freezing.
You feel drained. The wight freezes you.
The wight hits you with a +4 flail of freezing!
You feel drained. The wight freezes you!
* * * LOW HITPOINT WARNING * * *
You fade into invisibility!
The wight barely misses you.
Things that are here:
a +0 ring mail; a +0 trident
There is a stone staircase leading up, spattered with blood here.
The wight hits you with a +4 flail of freezing.
* * * LOW HITPOINT WARNING * * *
The wight freezes you.
* * * LOW HITPOINT WARNING * * *
You climb upwards.
There is a stone staircase leading down here.
You slash the wight!
The wight is severely damaged.
You flicker for a moment.
The wight hits you with a +4 flail of freezing!
You die...

#.# #......# #.# #.#####......#
#.# #.#..........#### #.#
#.#.###.........# #.#
#.#.###.......#.# #.#
#.#..<#.......#.# #.#
#.#####.......#.# #.#
####.#.............# #.#
............<...@..# #.#####
####.#.###.....z...#### #......
#.#................###########
#.###########.#####....#######
####......................'......
#...###...######'#####....#######
'...'...........>.# #.......#
#...#..#..........###.......#
#.##....###.........#.......#


You could see a wight (unable to see you).

Vanquished Creatures
  A water moccasin (D:6)
  A sky beast (D:5)
  2 phantoms
  A gnoll sergeant (D:6)
  Blork the orc (D:6)
  A bullfrog (D:6)
  2 scorpions
  2 wights (D:6)
  A jelly (D:5)
  2 orc priests
  5 hounds
  A sleepcap (D:5)
  4 iguanas
  An orc wizard (D:4)
  8 gnolls
  An adder (D:5)
  2 worms
  2 dart slugs (D:4)
  8 orcs
  11 ball pythons
  9 bats
  4 endoplasms
  2 giant cockroaches
  10 goblins
  8 hobgoblins
  4 jackals
  5 kobolds
  2 quokkas
  A frilled lizard (D:3)
  5 rats
107 creatures vanquished.

Vanquished Creatures (others)
  A gnoll (D:4)
1 creature vanquished.

Grand Total: 108 creatures vanquished

Notes
Turn   | Place    | Note
-------+----------+-------------------------------------------
     0 | D:1      | PurpleRed the Deep Elf Fighter began the quest for the Orb.
     0 | D:1      | Reached XP level 1. HP: 13/13 MP: 3/3
    62 | D:1      | Reached skill level 2 in Long Blades
   134 | D:1      | Reached XP level 2. HP: 18/18 MP: 4/4
   665 | D:2      | Reached XP level 3. HP: 22/22 MP: 5/5
   802 | D:2      | Reached skill level 3 in Long Blades
  1023 | D:2      | Learned a level 2 spell: Ensorcelled Hibernation
  1183 | D:3      | Found Yxenagra's Jewellery Shoppe.
  1220 | D:3      | Found Miush's Magic Scroll Boutique.
  1226 | D:3      | Bought a scroll of fear for 48 gold pieces
  1226 | D:3      | Bought a scroll of teleportation for 36 gold pieces
  1226 | D:3      | Bought a scroll of identify for 24 gold pieces
  1226 | D:3      | Bought a scroll of identify for 24 gold pieces
  1343 | D:3      | Found Juunur's Antique Armour Shoppe.
  1512 | D:3      | Found Ojuriodghi's Assorted Antiques.
  1517 | D:3      | Reached skill level 1 in Hexes
  1531 | D:3      | Bought a scroll labelled MAKIM YJ UFIAG for 33 gold pieces
  1886 | D:3      | Found Adewk's Magic Scroll Shoppe.
  1894 | D:3      | Reached XP level 4. HP: 27/28 MP: 6/6
  2224 | D:4      | Noticed a scorpion
  2236 | D:4      | Killed a scorpion
  2237 | D:4      | Reached XP level 5. HP: 32/32 MP: 7/7
  2343 | D:3      | Reached skill level 4 in Long Blades
  3135 | D:4      | Reached XP level 6. HP: 37/37 MP: 8/8
  3169 | D:4      | HP: 1/37 [orc priest/divine providence (13)]
  3851 | D:5      | Entered Level 5 of the Dungeon
  3879 | D:5      | Reached skill level 1 in Spellcasting
  4207 | D:5      | Reached skill level 5 in Long Blades
  4301 | D:5      | Found a staircase to the Ecumenical Temple.
  4316 | Temple   | Entered the Ecumenical Temple
  4327 | Temple   | Became a worshipper of Warmaster Okawaru
  4500 | D:5      | Reached XP level 7. HP: 27/42 MP: 10/12
  4941 | D:6      | Found a broken altar of Ashenzari.
  4941 | D:6      | Found a burning altar of Makhleb.
  4941 | D:6      | Found a glowing silver altar of Zin.
  4941 | D:6      | Found an opulent altar of Gozag.
  4949 | D:6      | Found a shadowy altar of Dithmenos.
  4949 | D:6      | Found a hide-covered altar of Uskayaw.
  5025 | D:6      | Reached skill level 1 in Dodging
  5027 | D:6      | Noticed Blork the orc
  5041 | D:6      | Killed Blork the orc
  5195 | D:6      | Reached * piety under Okawaru
  5196 | D:6      | Reached skill level 6 in Long Blades
  5401 | D:5      | Reached XP level 8. HP: 31/48 MP: 13/13
  6337 | D:3      | Bought a brightly glowing chain mail for 190 gold pieces
  6337 | D:3      | Identified the +8 chain mail of a volcano {Rampage MP-9
                  | Slay+2 SInv} (You bought it in a shop on level 3 of the
                  | Dungeon)
  6496 | D:5      | Slain by a wight

Illustrated notes

Levels and vault maps discovered:
D:1:      moated_graveyard_arrival, layout_rooms
D:2:      layout_rooms, minmay_tromino_v4_b
D:3:      layout_basic, serial_shops, shop, shop, shop, shop, shop,
          chequers_serial_rivers_micro_d, minivault_24
D:4:      layout_gridville
D:5:      layout_basic, minmay_temple_entry_fiery, nicolae_figureground_pulse
D:6:      layout_cave_pools, minmay_overflow_temple_hex, uniq_blork_the_orc
Temple:   hellmonk_temple_forest_ring

Skill      XL: |  1  2  3  4  5  6  7 |
---------------+----------------------+-----
Long Blades    | 2 3 4 5 6 |  6.8
Fighting       | 3 4 |  4.8
Hexes          | 1 2 3 4 |  4.0
Spellcasting   | 2 |  2.0
Dodging        | 3 |  3.9
Armour         | |  2.4
Shields        | |  2.4

Action                     |  1- 3 |  4- 6 |  7- 9 || total
---------------------------+-------+-------+-------++-------
  Melee: Long sword        |   183 |   160 |   115 ||   458
         Scimitar          |       |       |     8 ||     8
  Throw: Throwing net      |       |     1 |       ||     1
         Dart              |       |       |     2 ||     2
  Evoke: Wand              |       |     2 |     5 ||     7
    Use: Scroll            |     9 |     2 |     2 ||    13
         Potion            |     1 |     1 |     4 ||     6
 Armour: Scale mail        |   146 |    86 |    75 ||   307
         Skin              |       |     5 |       ||     5
         Chain mail        |       |       |     6 ||     6
  Dodge: Dodged            |    79 |    43 |    37 ||   159
  Block: Buckler           |    89 |    82 |    35 ||   206
         Reflection        |     2 |       |     2 ||     4
         Kite shield       |       |       |    31 ||    31
         Other             |       |       |     1 ||     1

Table legend: (Time is in decaauts)
 A = Elapsed time spent in this place.
 B = Non-inter-level travel time spent in this place.
 C = Inter-level travel time spent in this place.
 D = Time resting spent in this place.
 E = Time spent auto-exploring this place.
 F = Levels seen in this place.
 G = Mean time per level.
                   A        B        C        D        E       F      G
               +--------+--------+--------+--------+--------+-----+--------+
         Total |   6635 |   6039 |    596 |   1224 |   3138 |   7 |  947.9 |
       Dungeon |   6612 |   6026 |    586 |   1224 |   3138 |   6 | 1102.0 |
        Temple |     22 |     12 |     10 |      0 |      0 |   1 |   22.0 |
               +--------+--------+--------+--------+--------+-----+--------+

Top non-repeatable levels by time:
     D:3: 1781 daAuts
     D:5: 1600 daAuts
     D:4: 1173 daAuts
     D:6: 965 daAuts
     D:2: 609 daAuts
     D:1: 482 daAuts
  Temple: 22 daAuts
